 Dungeon Crawl Stone Soup version 0.18-a0-960-g77c8fc5 (webtiles) character file.

85 Duffy the Ruffian (level 4, 0/35 HPs)
             Began as a Mummy Monk on Dec 31, 2015.
             Slain by Natasha (5 damage)
             ... on level 2 of the Dungeon.
             The game lasted 00:01:22 (1859 turns).

Duffy the Ruffian (Mummy Monk)                      Turns: 1859, Time: 00:01:22

Health: 0/35       AC:  3    Str: 15    XL:     4   Next: 25%
Magic:  4/4        EV: 13    Int:  9    God:
Gold:   67         SH:  0    Dex: 14    Spells: 0 memorised, 3 levels left

rFire  x . .     SeeInvis .       - Unarmed
rCold  + . .     Gourm    .     a - +0 robe
rNeg   + + +     Faith    .     (no shield)
rPois  ∞         Spirit   .     (no helmet)
rElec  .         Dismiss  .     b - +0 cloak
rCorr  .         Reflect  .     (no gloves)
SustAt .         Harm     +     (no boots)
MR     .....                    d - amulet of harm
Stlth  ++........               (no ring)
                                (no ring)

@: not resistant to hostile enchantments, unstealthy
A: no food or potions, fire vulnerability, cold resistance 1, negative energy
resistance 3, torment resistance, unbreathing
a: no special abilities


You were on level 2 of the Dungeon.
You were not hungry.

You visited 1 branch of the dungeon, and saw 2 of its levels.

You collected 67 gold pieces.


Innate Abilities, Weirdness & Mutations

You do not eat or drink.
Your flesh is vulnerable to fire.
You are immune to poison.
Your flesh is cold resistant.
You are immune to negative energy.
You are immune to unholy pain and torment.
You can survive without breathing.


   Skills:
 - Level 3.0 Fighting
 - Level 2.4 Dodging
 - Level 1.5 Stealth
 + Level 4.8 Unarmed Combat


You had 3 spell levels left.
You didn't know any spells.

Inventory:

Armour
 a - a +0 robe (worn)
 b - a +0 cloak (worn)
Jewellery
 d - an amulet of harm (around neck)
Scrolls
 c - a scroll of enchant weapon {unknown}
 e - a scroll of remove curse {unknown}
 f - a scroll of identify {unknown}
 g - a scroll of recharging {unknown}

Dungeon Overview and Level Annotations

Branches:
Dungeon (2/15)

Altars:

Annotations:
D:2 Natasha


Message History

It is a wand of frost {zapped: 2}.
Natasha zaps a wand.
The puff of frost hits you! You resist.
You closely miss Natasha. You hit Natasha.
Natasha is moderately wounded.
Natasha claws you.
You hit Natasha.
Natasha is heavily wounded.
Natasha zaps a wand.
The puff of frost misses you.
You barely miss Natasha.
Natasha is heavily wounded.
Natasha misses you.
You hit Natasha.
Natasha is severely wounded.
Natasha zaps a wand.
The puff of frost misses you.
You barely miss Natasha.
Natasha is severely wounded.
Natasha stares at you and mumbles some strange words.
The magic dart hits you!
You are too injured to fight recklessly!
You are too injured to fight recklessly!
You are too injured to fight recklessly!
You closely miss Natasha.
Natasha is severely wounded.
Natasha claws you.
You hit Natasha.
Natasha is severely wounded.
Natasha zaps a wand.
The puff of frost hits you! You resist.
You hit Natasha.
Natasha is almost dead.
Natasha barely misses you.
You barely miss Natasha.
Natasha is almost dead.
Natasha claws you.
You die...

# ##.## ####.####
##...## #.......#
#####.(...# # #.#
#...##...##
#.##.###...###.###
#...%........#....
####.#..%.........
#.#####.#.......#..##
#..h@...###...###....
######### #...# #.###
##### #.# #.### #)##.
#############.##.
#...........#.##.
#.#########...... #.#
#....).


You could see Natasha.

Action                   |  1- 3 |  4- 6 || total
-------------------------+-------+-------++-------
Melee: Unarmed           |   109 |    13 ||   122
 Stab: Sleeping          |     3 |       ||     3

Notes
Turn   | Place    | Note
--------------------------------------------------------------
     0 | D:1      | Duffy the Mummy Monk began the quest for the Orb.
     0 | D:1      | Reached XP level 1. HP: 18/18 MP: 1/1
   212 | D:1      | Reached XP level 2. HP: 24/24 MP: 2/2
   675 | D:1      | Reached skill level 4 in Unarmed Combat
   827 | D:2      | Reached XP level 3. HP: 25/29 MP: 3/3
  1623 | D:2      | Noticed Natasha
  1629 | D:2      | Killed Natasha
  1629 | D:2      | Reached XP level 4. HP: 13/35 MP: 4/4
  1846 | D:2      | Noticed Natasha
  1859 | D:2      | Slain by Natasha

Vault maps used:
D:1:      ncdulo_wetmaze, minivault_25, minmay_misc_feat_pillars,
          minmay_misc_feat_four_crosses
D:2:      kennysheep_the_goblin_king, first_bread, uniq_iyjb, uniq_natasha

Vanquished Creatures
  Natasha
  2 adders
  A worm
  2 giant geckos
  A ball python
  2 bats
  A giant cockroach
  4 goblins
  4 hobgoblins
  5 jackals
  5 kobolds
  A quokka
  A giant newt
  4 rats
34 creatures vanquished.
